 Dungeon Crawl Stone Soup version 0.23.2-1-ga50397a6bc (webtiles) character file.

Game seed: 16535871710528852525

67 Mrkan the Shield-Bearer (level 4, 0/29 HPs)
             Began as a Gargoyle Fighter on May 13, 2019.
             Slain by an orc wizard
             ... wielding a cursed -1 dagger
              (1 damage)
             ... on level 2 of the Dungeon.
             The game lasted 00:02:19 (964 turns).

Mrkan the Shield-Bearer (Gargoyle Fighter)           Turns: 964, Time: 00:02:20

Health: 0/29       AC: 10    Str: 20    XL:     4   Next: 16%
Magic:  4/4        EV:  7    Int:  9    God:
Gold:   29         SH:  9    Dex:  9    Spells: 3/3 levels left

rFire    . . .     SeeInvis .   a - +0 flail
rCold    . . .     Gourm    .   c - +0 shield
rNeg     + . .     Faith    .   b - +0 scale mail
rPois    ∞         Spirit   .   (no helmet)
rElec    +         Reflect  .   (no cloak)
rCorr    .         Harm     .   (no gloves)
MR       .....                  (no boots)
Stlth    ..........             (no amulet)
HPRegen  0.09/turn              (no ring)
MPRegen  0.09/turn              (no ring)

@: no status effects
A: negative energy resistance 1, electricity resistance, unbreathing,
petrification resistance, rot immunity, AC +3
a: no special abilities


You were on level 2 of the Dungeon.
You were hungry.

You visited 1 branch of the dungeon, and saw 2 of its levels.

You collected 29 gold pieces.

Inventory:

Hand Weapons
 a - a +0 flail (weapon)
Armour
 b - a +0 scale mail (worn)
 c - a +0 shield (worn)
Jewellery
 l - an uncursed amulet of the gourmand {unknown}
Scrolls
 e - 2 scrolls of identify {unknown}
 g - 2 scrolls of remove curse {unknown}
 h - a scroll of immolation {unknown}
 j - a scroll of fear {unknown}
 k - a scroll of amnesia {unknown}
Potions
 d - 2 potions of might
 i - a potion of lignification {unknown}
 m - 2 potions of heal wounds {unknown}
Comestibles
 f - a ration


   Skills:
 + Level 3.7 Fighting
 - Level 2.0 Maces & Flails
 - Level 3.2 Armour
 + Level 0.7 Dodging
 * Level 4.9 Shields


You had 3 spell levels left.
You didn't know any spells.
Your spell library was empty.

Dungeon Overview and Level Annotations

Branches:
Dungeon (2/15)

Altars:


Innate Abilities, Weirdness & Mutations

You are resistant to torment.
Your stone body is resilient. (AC +3)
You are immune to poison.
You resist negative energy. (rN+)
You are resistant to electric shocks. (rElec)
You can survive without breathing.
You are immune to petrification.
You are immune to rotting.


Message History

A puff of flame appears from out of thin air!
The puff of flame misses you.
You miss something. Something hits you but does no damage.
You barely miss something.
Something hits you but does no damage. x2
You closely miss something.
You hear some strange, mumbled words.
Something tries to affect you, but you resist.
You closely miss something.
You hear some strange, mumbled words.
A puff of flame appears from out of thin air!
You block the puff of flame. Something completely misses you.
You barely miss something. Something hits you but does no damage.
You hit something.
You hear some strange, mumbled words.
A magic dart appears from out of thin air!
The magic dart hits you!
* * * LOW HITPOINT WARNING * * *
Your shield and scale mail prevent you from hitting something.
Something hits you.
You die...

....# ##.##.# #####
#.##.# #..........#
#..#.# #..........#
##...# #..........# #
##..# #..........#
....####..#
#..........## #.......#
#..........#
######..####..........#
##(.@{o.(.(((.((.#
#.####..........# #.#
#..........# ###
############


You could see an orc.

Vanquished Creatures
  2 adders (D:2)
  A worm (D:2)
  2 dart slugs
  A leopard gecko (D:2)
  An orc (D:2)
  6 goblins
  3 hobgoblins
  7 jackals
  A ball python (D:1)
  5 bats
  2 frilled lizards (D:1)
  5 kobolds
  4 rats
40 creatures vanquished.

Notes
Turn   | Place    | Note
-------+----------+-------------------------------------------
     0 | D:1      | Mrkan the Gargoyle Fighter began the quest for the Orb.
     0 | D:1      | Reached XP level 1. HP: 14/14 MP: 1/1
   102 | D:1      | Reached XP level 2. HP: 15/19 MP: 2/2
   117 | D:1      | Reached skill level 4 in Shields
   702 | D:2      | Reached XP level 3. HP: 18/23 MP: 3/3
   943 | D:2      | Reached XP level 4. HP: 11/29 MP: 4/4
   963 | D:2      | HP: 1/29 [something/magic dart (10)]
   964 | D:2      | Slain by an orc wizard

Skill      XL: |  1  2 |
---------------+-------+-----
Shields        | 4 |  4.9
Fighting       | |  3.7
Maces & Flails | |  2.0
Armour         | |  3.2
Dodging        | |  0.7

Action                   |  1- 3 |  4- 6 || total
-------------------------+-------+-------++-------
Melee: Flail             |   200 |    18 ||   218
Armor: Scale mail        |   140 |    11 ||   151
Dodge: Dodged            |    74 |     6 ||    80
Block: Shield            |   128 |     1 ||   129
